 Dungeon Crawl Stone Soup version 0.23.2-33-g5129a83184 (webtiles) character file.

Game seed: 9012407875244254443

0 MalarOregon the Digger (level 1, -1/13 (14) HPs)
             Began as a Ghoul Earth Elementalist on July 13, 2019.
             Slain by a leopard gecko (2 damage)
             ... on level 1 of the Dungeon.
             The game lasted 00:00:13 (31 turns).

MalarOregon the Digger (Ghoul Earth Elementalist)     Turns: 31, Time: 00:00:14

HP:   -1/13 (14)    AC:  2    Str: 11    XL:     1   Next: 10%
MP:   2/2           EV: 12    Int: 10    God:
Gold: 0             SH:  0    Dex:  9    Spells: 2/3 levels left

rFire    . . .     SeeInvis .   (no weapon)
rCold    + . .     Gourm    .   (no shield)
rNeg     + + +     Faith    .   c - +0 robe
rPois    ∞         Spirit   .   (no helmet)
rElec    .         Reflect  .   (no cloak)
rCorr    .         Harm     .   (no gloves)
MR       .....                  (no boots)
Stlth    ++........             (no amulet)
HPRegen  0.00/turn              (no ring)
MPRegen  0.08/turn              (no ring)

@: rotting
A: rotting body, claws 1, carnivore, cold resistance 1, negative energy
resistance 3, inhibited regeneration, torment resistance, unbreathing
a: no special abilities


You were on level 1 of the Dungeon.
You were not hungry.

You visited 1 branch of the dungeon, and saw 1 of its levels.

Inventory:

Missiles
 b - 30 stones (quivered)
Armour
 c - a +0 robe (worn)
Comestibles
 e - a ration {!d}


   Skills:
 - Level 1.7 Dodging
 - Level 2.1 Stealth
 + Level 0.2 Unarmed Combat
 - Level 1.7 Spellcasting
   Level 0.8 Transmutations
 - Level 3.2 Earth Magic


You had 2 spell levels left.
You knew the following spells:

 Your Spells              Type           Power        Failure   Level  Hunger
a - Sandblast             Erth           #.....       9%          1    ##.....

Your spell library contained the following spells:

 Spells                   Type           Power        Failure   Level  Hunger
 Passwall                 Tmut/Erth      #.......     21%         2    ###....
 Stone Arrow              Conj/Erth      #.....       43%         3    ####...
 Petrify                  Tmut/Erth      #.......     80%         4    #####..
 Lee's Rapid Deconstruct  Erth           #.........   93%         5    ######.


Dungeon Overview and Level Annotations

Branches:
Dungeon (1/15)

Altars:


Innate Abilities, Weirdness & Mutations

Your body is rotting away.
You thrive on raw meat.
You are immune to poison.
You have sharp fingernails.
You are carnivorous and can eat meat at any time.
Your flesh is cold resistant. (rC+)
You are immune to negative energy. (rN+++)
You do not regenerate when monsters are visible.
You are immune to unholy pain and torment.
You can survive without breathing.


Message History

e - a ration Welcome, MalarOregon the Ghoul Earth Elementalist.
The bosom of this dungeon contains the fabled artefact, the Orb of Zot.
Found a staircase leading out of the dungeon.
Found a scroll labeled YCEUXE QESISMI.
A bat comes into view.
A bat is nearby!
A bat is nearby!
A bat is nearby!
The bat barely misses you.
You barely miss the bat. The bat hits you but does no damage.
You closely miss the bat. The bat hits you. The bat misses you.
The bat closely misses you. The bat barely misses you. The bat hits you.
You scratch the bat but do no damage.
You feel your flesh rotting away. The bat barely misses you.
You scratch the bat. The bat hits you but does no damage.
A leopard gecko comes into view.
The bat closely misses you. x2
You scratch the bat.
You kill the bat!
Found 20 gold pieces.
You scratch the leopard gecko. The leopard gecko bites you.
You barely miss the leopard gecko. The leopard gecko bites you.
* * * LOW HITPOINT WARNING * * *
You are too injured to fight recklessly!
You scratch the leopard gecko but do no damage.
The leopard gecko closely misses you.
You scratch the leopard gecko but do no damage.
The leopard gecko bites you.
* * * LOW HITPOINT WARNING * * *
You closely miss the leopard gecko. The leopard gecko misses you.
You closely miss the leopard gecko.
The leopard gecko bites you but does no damage.
The leopard gecko barely misses you.
You scratch the leopard gecko. The leopard gecko closely misses you.
You barely miss the leopard gecko.
The leopard gecko bites you but does no damage.
You completely miss the leopard gecko. The leopard gecko bites you.
* * * LOW HITPOINT WARNING * * *
You scratch the leopard gecko but do no damage.
The leopard gecko bites you but does no damage.
You scratch the leopard gecko. The leopard gecko barely misses you.
The leopard gecko bites you.
You die...

..#####.#####..#..#.
... #.#⌠.....# ...#
#.#.##...# ....#
#.#.#...?# .....
#.#......#
......#.#......#
#.....#.#.†...##
#...........#.#
.#....@....#..#
#####l######## #.#
... .#.. .....# .
..$. ....


You could see a leopard gecko.

Vanquished Creatures
  A bat (D:1)
1 creature vanquished.

Notes
Turn   | Place    | Note
-------+----------+-------------------------------------------
     0 | D:1      | MalarOregon the Ghoul Earth Elementalist began the quest
                  | for the Orb.
     0 | D:1      | Reached XP level 1. HP: 14/14 MP: 2/2
    31 | D:1      | Slain by a leopard gecko

Action                   || total
-------------------------++-------
Melee: Unarmed           ||    16
Armor: Robe              ||     5
Dodge: Dodged            ||    12
